 Dungeon Crawl Stone Soup version 0.30.1-11-g7821555f0a (webtiles) character file.

Game seed: 11355189264259729703

812 KittyFluff the Covered (level 7, 0/44 HPs)
             Began as a Gargoyle Berserker on Nov 4, 2023.
             Was a Priest of Trog.
             Slain by a gnoll
             ... wielding a +0 spear of flaming
              (6 damage)
             ... on level 3 of the Dungeon.
             The game lasted 00:12:27 (3580 turns).

KittyFluff the Covered (Gargoyle Berserker)         Turns: 3580, Time: 00:12:28

Health: 0/44       AC: 11    Str: 23    XL:     7   Next: 93%
Magic:  7/7        EV: 12    Int:  7    God:    Trog [***...]
Gold:   253        SH:  0    Dex:  9    Spells: 6/6 levels left

rFire   . . .        a - +0 mace
rCold   . . .        (no shield)
rNeg    + . .        l - +2 leather armour of the Doldrums {Will+}
rPois   ∞            (no helmet)
rElec   +            (no cloak)
rCorr   .            (no gloves)
SInv    +            m - +0 pair of boots
Will    +....        (no amulet)
Stlth   +            y - ring of flight
HPRegen 0.27/turn    z - ring of see invisible
MPRegen 0.10/turn

%: no passive effects
@: flying
A: sickness immunity, AC +4, negative energy resistance 1, electricity
resistance, torment resistance 1, petrification resistance
a: Renounce Religion, Berserk, Trog's Hand


You were on level 3 of the Dungeon.
You worshipped Trog.
Trog was most pleased with you.
You visited 1 branch of the dungeon, and saw 6 of its levels.

You collected 253 gold pieces.

Inventory:

Hand Weapons
 a - a +0 mace (weapon)
 s - a +0 morningstar
 u - a +0 sling
Missiles
 w - a boomerang (quivered)
 x - 8 poisoned darts
Armour
 l - the +2 leather armour of the Doldrums (worn) {Will+}
   (You found it on level 2 of the Dungeon)

   Will:      It increases your willpower.
 m - a +0 pair of boots (worn)
 p - the +0 ring mail of the Three Stars {Dex+4 Stlth-}
   (You found it on level 2 of the Dungeon)

   Dex:       It affects your dexterity (+4).
   Stlth:     It makes you less stealthy.
 A - a +3 leather armour
Jewellery
 y - a ring of flight (left hand)
 z - a ring of see invisible (right hand)
Wands
 t - a wand of paralysis (7)
 v - a wand of flame (9)
Scrolls
 b - a scroll of magic mapping {unknown}
 c - 3 scrolls of fog {unknown}
 e - a scroll of vulnerability {unknown}
 f - a scroll of amnesia {unknown}
 i - a scroll of acquirement {unknown}
 j - 2 scrolls of noise {unknown}
 n - a scroll of teleportation {unknown}
 o - 3 scrolls of identify {unknown}
Potions
 d - 2 potions of mutation {unknown}
 g - 2 potions of invisibility {unknown}
 h - a potion of flight {unknown}
 k - 3 potions of heal wounds {unknown}
 q - 4 potions of attraction {unknown}
 r - a potion of magic {unknown}


   Skills:
 + Level 5.0 Fighting
 * Level 5.7 Maces & Flails
 * Level 5.8 Armour
 + Level 3.2 Dodging


You had 6 spell levels left.
You didn't know any spells.
Your spell library was empty.

Dungeon Overview and Level Annotations

Branches:
Dungeon (6/15)             Temple (0/1) D:6

Altars:
Vehumet
The Shining One


Innate Abilities, Weirdness & Mutations

You are immune to sickness and miasma.
Your stone body is resilient. (AC +4)
You are immune to poison.
You resist negative energy. (rN+)
You are resistant to electric shocks. (rElec)
You are resistant to unholy torment.
You are immune to petrification.


Message History

The gnoll is moderately wounded.
The gnoll barely misses you. The gnoll hits you with a +0 club.
You hit the gnoll but do no damage.
The gnoll is moderately wounded.
The gnoll closely misses you. x2
You hit the gnoll.
The gnoll is heavily wounded.
The gnoll barely misses you. The gnoll hits you but does no damage.
You hit the gnoll.
The gnoll is severely wounded.
The gnoll hits you with a +0 club. The gnoll barely misses you.
The gnoll closely misses you. The gnoll completely misses you.
You hit the gnoll.
The gnoll is almost dead.
The gnoll hits you with a +0 club. The gnoll hits you but does no damage.
You sock the gnoll!
You kill the gnoll!
Trog accepts your kill.
The gnoll hits you from afar with a +0 spear of flaming.
* * * LOW HITPOINT WARNING * * *
The gnoll burns you.
* * * LOW HITPOINT WARNING * * *
The gnoll hits you with a +0 spear of flaming.
* * * LOW HITPOINT WARNING * * *
The gnoll burns you.
* * * LOW HITPOINT WARNING * * *
Items here: ))) †.
You sock the gnoll!
The gnoll is severely wounded.
The gnoll hits you with a +0 spear of flaming.
* * * LOW HITPOINT WARNING * * *
The gnoll burns you.
* * * LOW HITPOINT WARNING * * *
You barely miss the gnoll.
The gnoll is severely wounded.
The gnoll barely misses you.
You closely miss the gnoll.
The gnoll is severely wounded.
The gnoll hits you with a +0 spear of flaming.
You die...

#.# <....#
#.# #.# #.#
#.# #.# #.#
#.##########
#...@g......
############


You could see a gnoll.

Vanquished Creatures
  A black bear (D:5)
  A phantom (D:6)
  Blork the orc (D:5)
  A bullfrog (D:6)
  3 hounds
  2 orc priests
  A sleepcap (D:5)
  A gnoll bouda (D:5)
  A jelly (D:4)
  An iguana (D:6)
  7 gnolls
  7 adders
  A shadow imp (D:6)
  A white imp (D:6)
  2 ufetubi
  5 dart slugs
  6 orcs
  5 endoplasms
  6 giant cockroaches
  9 hobgoblins
  5 jackals (D:2)
  3 quokkas
  3 ball pythons
  7 bats
  3 frilled lizards
  4 goblins
  6 kobolds
  6 rats
99 creatures vanquished.

Notes
Turn   | Place    | Note
-------+----------+-------------------------------------------
     0 | D:1      | KittyFluff the Gargoyle Berserker began the quest for the
                  | Orb.
     0 | D:1      | Reached XP level 1. HP: 14/14 MP: 1/1
   224 | D:1      | Reached XP level 2. HP: 19/19 MP: 2/2
  1015 | D:2      | Reached XP level 3. HP: 17/23 MP: 3/3
  1208 | D:2      | Reached ** piety under Trog
  1255 | D:2      | Reached XP level 4. HP: 17/29 MP: 4/4
  1330 | D:2      | Found a glowing golden altar of the Shining One.
  1403 | D:2      | Identified the +2 leather armour of the Doldrums {Will+}
  1617 | D:2      | Identified the +0 ring mail of the Three Stars {Dex+4
                  | Stlth-}
  1899 | D:3      | You fall into a shaft and drop 3 floors!
  1917 | D:6      | Reached XP level 5. HP: 28/33 MP: 5/5
  2201 | D:6      | Found a staircase to the Ecumenical Temple.
  2205 | D:6      | Noticed a phantom
  2233 | D:6      | Killed a phantom
  2234 | D:6      | Reached XP level 6. HP: 16/38 MP: 6/6
  2714 | D:5      | Entered Level 5 of the Dungeon
  2735 | D:4      | Noticed Blork the orc
  2749 | D:5      | Killed Blork the orc
  2750 | D:5      | Reached skill level 5 in Maces & Flails
  2755 | D:5      | Reached XP level 7. HP: 30/44 MP: 7/7
  2871 | D:5      | Reached skill level 5 in Armour
  2982 | D:4      | Reached *** piety under Trog
  3422 | D:4      | Found a radiant altar of Vehumet.
  3545 | D:3      | Reached skill level 5 in Fighting
  3580 | D:3      | Slain by a gnoll

Illustrated notes

Levels and vault maps discovered:
D:1:      minmay_arrival_statue_studded, layout_basic, hex_medium
D:2:      layout_rooms, basic_altar, grunt_ministairs_12
D:3:      layout_basic, minmay_misc_feat_rows
D:4:      layout_cave_pods, amcnicky_altar_gilded, uniq_blork_the_orc
D:5:      layout_basic, minmay_crossroads
D:6:      layout_basic, minmay_temple_entry_stoned_glass, minivault_27,
          grunt_decor_cap, minmay_misc_feat_iff, uniq_duvessa

Skill      XL: |  1  2  3  4  5  6  7 |
---------------+----------------------+-----
Armour         | 3 4 5 |  5.8
Dodging        | 2 3 |  3.2
Maces & Flails | 4 5 |  5.7
Fighting       | 4 5 |  5.0

Action                     |  1- 3 |  4- 6 |  7- 9 || total
---------------------------+-------+-------+-------++-------
  Melee: Mace              |   113 |   199 |   150 ||   462
         Punch             |       |     1 |     3 ||     4
 Invoke: Berserk           |       |     1 |       ||     1
 Armour: Animal skin       |     9 |       |       ||     9
         Leather armour    |    53 |   128 |    70 ||   251
         Skin              |       |     2 |       ||     2
  Dodge: Dodged            |    88 |   143 |   147 ||   378
